Cogmind - Beta 17.1 @@@ ROGUE MODE // 2026.09.21 @ 21:22:27 Player: Caluan Result: Destroyed by H-61 Shepherd with Heavy Assault Cannon Performance ------------- Evolutions (2) 1000 Regions Visited (4) 800 Robots Destroyed (88) 440 Value Destroyed (2422) 2422 Prototype IDs (0) 0 Alien Tech Used (0) 0 Bonus (0) 0 TOTAL SCORE: 4662 Bonus ------- None Cogmind --------- Core Integrity 0/550 Matter 262/300 Energy 64/125 System Corruption 1% Temperature Cool (0) Movement Treading (305) Ox2 Location -8/Materials Parts ------- > --- POWER (1) -------- Light Ion Engine > --- PROPULSION (4) --- Advanced Treads Advanced Treads Wheel Compact Wheel > --- UTILITY (3) ------ Huge Storage Unit Microactuators Microactuators > --- WEAPON (3) ------- Katana > --- INVENTORY (25) --- Advanced Treads Advanced Treads Wheel Microactuators Hacking Suite System Shield System Shield System Shield Grenade Launcher Rocket Launcher Heavy Mace Heavy Mace Heavy Mace Heavy Mace Axe Axe Peak State ------------ > --- POWER ------------ Light Angular Momentum Engine > --- PROPULSION ------- Light Treads Improved Treads Wheel Compact Wheel > --- UTILITY ---------- Huge Storage Unit Microactuators Microactuators > --- WEAPON ----------- Katana Katana Scythe > --- INVENTORY -------- Advanced Treads Advanced Treads Microactuators Microactuators Hacking Suite System Shield System Shield System Shield Grenade Launcher Rocket Launcher Heavy Mace Heavy Mace Heavy Mace Heavy Mace Axe Axe Axe [Rating: 33] Favorites ----------- Power Ion Engine Engine Ion Engine Power Core Light Nuclear Core Propulsion Light Treads Treads Light Treads Wheel Wheel Utility Huge Storage Unit Device Microactuators Storage Huge Storage Unit Processor Melee Analysis Suite Hackware Hacking Suite Weapon Scythe Energy Gun Small Laser Ballistic Gun Assault Rifle Launcher Grenade Launcher Slashing Weapon Scythe Build | -11 -10 -9 -9 -8 ------- Run | Yrd Mat Mat Min Mat Slots Evolved 4 | . . 2 . 2 Power . | . . . . . Propulsion 2 | . . 2 . . Utility 1 | . . . . 1 Weapon 1 | . . . . 1 Parts Attached 66 | 5 5 27 4 25 Power 9 | 1 2 3 1 2 Engine 8 | 1 1 3 1 2 Core 1 | . 1 . . . Reactor . | . . . . . Propulsion 36 | 2 . 17 3 14 Treads 17 | 2 . 8 1 6 Leg . | . . . . . Wheel 19 | . . 9 2 8 Hover . | . . . . . Flight . | . . . . . Utility 8 | . 1 3 . 4 Device 3 | . . . . 3 Storage 2 | . 1 1 . . Processor 1 | . . 1 . . Hackware 2 | . . 1 . 1 Protection . | . . . . . Artifact . | . . . . . Weapon 13 | 2 2 4 . 5 Energy Gun 1 | 1 . . . . Energy Cannon . | . . . . . Ballistic Gun 2 | 1 1 . . . Ballistic Cannon . | . . . . . Launcher 1 | . . 1 . . Special Weapon . | . . . . . Impact Weapon . | . . . . . Slashing Weapon 9 | . 1 3 . 5 Piercing Weapon . | . . . . . Special Melee Weapon . | . . . . . Unidentified Prototypes . | . . . . . Parts Lost 35 | . 4 6 3 22 Power 4 | . 2 1 . 1 Propulsion 21 | . 1 4 3 13 Utility 2 | . . . . 2 Weapon 8 | . 1 1 . 6 Highest Loss Streak 10 | . 2 6 2 10 To Critical Strikes . | . . . . . Average Backups 16 | 1 3 19 22 19 Power . | . . . . . Propulsion 5 | . 1 7 6 4 Utility 3 | . . 3 4 4 Weapon 7 | . . 8 12 10 Tool/Special . | . . . . . Unused Backups 19 | . 1 3 . 15 Power 1 | . 1 . . . Propulsion 4 | . . 1 . 3 Utility 5 | . . . . 5 Weapon 9 | . . 2 . 7 Tool/Special . | . . . . . Average Slot Usage (%) 92 | . 81 98 99 89 Engine 7 | . 12 6 11 5 Core 2 | . . 4 . . Treads 21 | . 27 21 22 17 Wheel 15 | . . 21 21 15 Device 2 | . . . . 9 Storage 10 | . 13 11 11 9 Processor 2 | . . 2 11 1 Hackware 4 | . . 8 . 3 Energy Gun 1 | . 5 . . . Ballistic Gun 3 | . 18 . . . Slashing Weapon 18 | . 3 21 22 26 Peak Build Rating 33 | 5 7 22 22 33 Average Rating 18 | 3 6 19 20 27 On Entrance 10 | . 5 6 21 22 Avg Prop Armor Cover (%) 22 | . . 23 23 22 Naked Turns . | . . . . . Heaviest Build 99 | 8 19 89 91 99 Greatest Support 43 | 40 40 40 28 43 Greatest Overweight (x) 9 | . . 4 4 9 Average Overweight (x) 2 | . . 3 3 3 Largest Inventory Capacity 25 | 5 10 25 25 25 Average Capacity 20 | 5 9 22 25 25 Most Carried 25 | 4 8 25 24 24 Average Carried 16 | 1 3 19 22 19 Final Capacity 25 | 5 10 25 25 25 Final Carried 22 | 1 7 22 22 16 Class Distribution -------------------- 43% | Mutant 24% | Scavenger-Gladiator 20% | Scavenger-Mutant 11% | Gladiator Dominant Class ---------------- Mutant | -10/Materials Scavenger-Mutant | -9/Materials Scavenger-Gladiator | -9/Mines Scavenger-Gladiator | -8/Materials Resources | -11 -10 -9 -9 -8 ----------- Run | Yrd Mat Mat Min Mat Matter Collected 981 | 191 327 280 25 158 Remotely . | . . . . . Salvage Created 3562 | . 603 1302 268 1389 Parts 188 | . 31 77 8 72 Haulers Intercepted 2 | . . 2 . . Recyclers Shooed 3 | . 1 1 . 1 Parts Field Recycled . | . . . . . Retrieved Matter . | . . . . . Parts Self-Destructed . | . . . . . Prevented . | . . . . . Parts Restored . | . . . . . Kills | -11 -10 -9 -9 -8 ------- Run | Yrd Mat Mat Min Mat Combat Hostiles Destroyed 67 | . 10 28 4 25 Melee 55 | . 1 25 4 25 Guns 9 | . 9 . . . AOE 3 | . . 3 . . Classes Destroyed 11 | . 5 4 . 2 Worker 8 | . 1 2 . 5 Hauler 2 | . . 2 . . Recycler 8 | . 2 1 1 4 Operator 3 | . 1 . . 2 Swarmer 17 | . 1 7 . 9 Grunt 35 | . 9 10 3 13 Brawler 1 | . . 1 . . Duelist 2 | . . 1 1 . Sentry 9 | . . 9 . . Specialist 2 | . . . . 2 Hunter 1 | . . . . 1 Best Kill Streak 6 | . 3 6 3 6 Combat Bots Only 6 | . 2 6 2 4 Max Kills in Single Turn 2 | . 1 2 1 2 Gunslinging . | . . . . . Exploded 2 | . . 2 . . Melee 2 | . 1 1 1 2 Uniques/NPCs Destroyed . | . . . . . Combat | -11 -10 -9 -9 -8 -------- Run | Yrd Mat Mat Min Mat Hostile Shots Fired 390 | . 79 132 20 159 Missed 99 | . 19 32 8 40 Hits 291 | . 60 100 12 119 Melee 7 | . . 4 3 . Projectile 284 | . 60 96 9 119 Critical Strikes 11 | . . 5 . 6 Damage Taken 4399 | . 777 1279 207 2136 Core 888 | . 111 119 45 613 Absorbed by Shields . | . . . . . Regen/Repaired (Parts) 118 | . 118 . . . Core Remaining (%) 71 | 100 55 . 59 . Volleys Fired 53 | . 51 2 . . Largest 2 | . 2 1 . . Hottest 60 | . 60 30 . . Shots Fired 104 | . 102 2 . . Gun 102 | . 102 . . . Cannon . | . . . . . Launcher 2 | . . 2 . . Special . | . . . . . Kinetic 70 | . 70 . . . Thermal 32 | . 32 . . . Explosive 2 | . . 2 . . Electromagnetic . | . . . . . Robot Hit Streak 13 | . 13 . . . Robot Miss Streak 4 | . 4 . . . Penetration Max . | . . . . . Secondary Targets 1 | . 1 . . . Max Gunslinging Chain 1 | . 1 . . . Shots Hit Robots 216 | . 70 59 13 74 Core Hits 103 | . 27 34 6 36 Critical Kills 1 | . 1 . . . Critical Parts Destroyed . | . . . . . Critical Strikes 21 | . 1 9 3 8 Destroy 1 | . 1 . . . Sever 20 | . . 9 3 8 Melee Attacks 211 | . 3 81 16 111 Impact . | . . . . . Slashing 211 | . 3 81 16 111 Piercing . | . . . . . Sneak Attacks 24 | . . 9 1 14 Combat Hostiles 1 | . . 1 . . Follow-up Attacks 29 | . . 10 1 18 Damage Inflicted 6661 | . 949 2300 432 2980 Guns 894 | . 894 . . . Cannons . | . . . . . Explosions 137 | . . 137 . . Melee 5621 | . 46 2163 432 2980 Ramming 9 | . 9 . . . Kinetic 710 | . 710 . . . Thermal 184 | . 184 . . . Explosive 137 | . . 137 . . Electromagnetic . | . . . . . Impact . | . . . . . Slashing 5621 | . 46 2163 432 2980 Piercing . | . . . . . Highest Corruption 1 | . 1 1 1 1 Average Corruption 1 | . 1 1 1 1 Corruption Purged . | . . . . . Corruption Blocked . | . . . . . Effects 16 | . 4 2 1 9 Message Errors 2 | . 1 . . 1 Matter Fused 1 | . . . . 1 Energy Discharges 5 | . 1 1 . 3 Parts Rejected 1 | . . . . 1 Parts Fused 1 | . . . . 1 Data Loss (minor) 4 | . 1 1 . 2 Data Loss (major) 2 | . 1 . 1 . Overload Shots . | . . . . . Overflow Damage 338 | . . 86 41 211 Projectiles . | . . . . . Explosions . | . . . . . Melee 338 | . . 86 41 211 Knockbacks . | . . . . . Impact . | . . . . . Kinetic . | . . . . . Secondary . | . . . . . Self-Inflicted Damage . | . . . . . Shots . | . . . . . Rammed 2 | . 2 . . . Targets Rammed 2 | . 2 . . . Kicked . | . . . . . Crushed . | . . . . . Highest Temperature 42 | . 42 4 . 19 Average Temperature 17 | . 18 4 . 9 Received Heat Transfer 1770 | . 360 462 66 882 Siege Activations . | . . . . . Martial Activations . | . . . . . Shielding Activations . | . . . . . Robots Disrupted . | . . . . . Combat Hostiles . | . . . . . Robots Corrupted . | . . . . . Combat Hostiles . | . . . . . Parts Fried . | . . . . . Impact Corruptions . | . . . . . Robots Melted . | . . . . . Combat Hostiles . | . . . . . Parts Melted . | . . . . . Heat Transferred 425 | . 425 . . . Parts Sabotaged . | . . . . . Parts Stolen . | . . . . . Parts Stripped . | . . . . . Power Chain Reactions . | . . . . . Alert | -11 -10 -9 -9 -8 ------- Run | Yrd Mat Mat Min Mat Maximum Alert Level 1 | . . 1 . 1 Low Security (%) 87 | 100 100 75 100 95 Level 1 12 | . . 24 . 4 Level 2 . | . . . . . Level 3 . | . . . . . Level 4 . | . . . . . Level 5 . | . . . . . High Security . | . . . . . Max Security . | . . . . . Peak Influence 262 | . 72 262 97 231 Initial 97 | . . 1 97 24 Average 93 | . 19 144 63 74 Influence Increases 2004 | . 277 881 105 741 Destroy 0b10 Robot/C 1340 | . 200 560 80 500 Destroy 0b10 Robot/NC 105 | . 20 25 5 55 Destroy Leader 294 | . 40 154 20 80 Successful Hack 24 | . 2 7 . 15 Destroy Structure 16 | . . 15 . 1 Partial Spotted 15 | . . 15 . . Lose Combat Pursuer 210 | . 15 105 . 90 Influence Decreases 1871 | . 273 635 293 670 Entered New Map 194 | . . 3 153 38 Time Decay 1357 | . 263 572 110 412 Lost Part 320 | . 10 60 30 220 Squads Dispatched 6 | . 2 . . 4 Investigation 2 | . 1 . . 1 Extermination . | . . . . . Reinforcement 4 | . 1 . . 3 Assault . | . . . . . Garrison . | . . . . . Intercept . | . . . . . Searches Triggered . | . . . . . Construction Impeded . | . . . . . Haulers Reinforced . | . . . . . Active Scanning Responses . | . . . . . Cargo Convoy Interrupts . | . . . . . Stealth | -11 -10 -9 -9 -8 --------- Run | Yrd Mat Mat Min Mat Distress Signals 10 | . 2 6 . 2 Communications Jammed . | . . . . . Distress Signals . | . . . . . Times Spotted 117 | . 20 51 4 42 Peak Tracking Total 7 | . 4 6 2 7 Tactical Retreats 13 | . 3 6 . 4 Traps | -11 -10 -9 -9 -8 ------- Run | Yrd Mat Mat Min Mat Traps Triggered 2 | . 1 1 . . Indirectly . | . . . . . Trap Hack Attempts . | . . . . . Triggered . | . . . . . Disarmed . | . . . . . Reprogrammed . | . . . . . Reused . | . . . . . Traps Extracted . | . . . . . Installed . | . . . . . Triggered . | . . . . . Machines | -11 -10 -9 -9 -8 ---------- Run | Yrd Mat Mat Min Mat Machines Disabled . | . . . . . Max in Single Turn . | . . . . . Machines Repaired . | . . . . . Machines Dismantled . | . . . . . Machines Sabotaged . | . . . . . Overloaded Fab Kills . | . . . . . Hacking | -11 -10 -9 -9 -8 --------- Run | Yrd Mat Mat Min Mat Machines Accessed 11 | . 2 4 . 5 Terminals 7 | . 1 3 . 3 Fabricators . | . . . . . Repair Stations 2 | . 1 . . 1 Recycling Units 1 | . . . . 1 Scanalyzers 1 | . . 1 . . Garrison Access . | . . . . . Total Hacks 26 | . 3 9 . 14 Successful 13 | . 3 4 . 6 Failed 12 | . . 4 . 8 Catastrophic 1 | . . . . 1 Database Lockouts 1 | . . 1 . . Manual 21 | . 1 8 . 12 Terminals 19 | . 1 8 . 10 Fabricators . | . . . . . Repair Stations 4 | . 2 . . 2 Recycling Units 2 | . . . . 2 Scanalyzers 1 | . . 1 . . Garrison Access . | . . . . . Terminal Hacks 3 | . . 2 . 1 Robot Analysis 2 | . . 1 . 1 Branch Access Points 1 | . . 1 . . Fabricator Hacks . | . . . . . Repair Station Hacks 3 | . 2 . . 1 Scan Component 2 | . 1 . . 1 Repair 1 | . 1 . . . Recycling Unit Hacks . | . . . . . Scanalyzer . | . . . . . Garrison Access Hacks . | . . . . . Unauthorized Hacks 7 | . 1 2 . 4 Terminals 6 | . 1 2 . 3 Botnet 6 | . 1 2 . 3 Fabricators . | . . . . . Repair Stations . | . . . . . Recycling Units 1 | . . . . 1 Reject 1 | . . . . 1 Scanalyzers . | . . . . . Garrison Access . | . . . . . Data Cores Recovered . | . . . . . Used . | . . . . . Hacking Detections 7 | . 1 2 . 4 Full Trace Events 1 | . . . . 1 Feedback Events 1 | . . . . 1 Corruption 1 | . . . . 1 Feedback Blocked . | . . . . . Robot Schematics Acquired . | . . . . . Robots Built . | . . . . . Authchips . | . . . . . Time . | . . . . . Total Robot Build Rating . | . . . . . Part Schematics Acquired . | . . . . . Parts Built . | . . . . . Authchips . | . . . . . Time . | . . . . . Total Part Build Rating . | . . . . . Part Studies Acquired . | . . . . . Parts Repaired 1 | . 1 . . . Time 26 | . 26 . . . Parts Recycled . | . . . . . Recycled Matter . | . . . . . Retrieved Matter . | . . . . . Retrieved Components . | . . . . . Parts Scanalyzed . | . . . . . Part Schematics Acquired . | . . . . . Parts Damaged . | . . . . . Bothacking | -11 -10 -9 -9 -8 ------------ Run | Yrd Mat Mat Min Mat Used RIF Installer . | . . . . . Robots Hacked . | . . . . . Non-combat . | . . . . . Combat . | . . . . . Robot Hacks Applied . | . . . . . Relay Couplers Released . | . . . . . Fabnet Peak Effective % . | . . . . . Robots Rewired . | . . . . . Allies Hacked . | . . . . . Hacks Repelled . | . . . . . Allies | -11 -10 -9 -9 -8 -------- Run | Yrd Mat Mat Min Mat Total Allies . | . . . . . Largest Group . | . . . . . Highest-Rated Group . | . . . . . Highest-Rated Ally . | . . . . . Total Orders . | . . . . . Ally Attacks . | . . . . . Total Damage . | . . . . . Kills . | . . . . . Allies Corrupted . | . . . . . Allies Melted . | . . . . . Intel | -11 -10 -9 -9 -8 ------- Run | Yrd Mat Mat Min Mat Active Infowar (turns) . | . . . . . Robot Analysis Total 2 | . . 1 . 1 Derelict Logs Recovered . | . . . . . Drone Launches . | . . . . . Drone Recoveries . | . . . . . Exploration | -11 -10 -9 -9 -8 ------------- Run | Yrd Mat Mat Min Mat Turns Passed 4145 | 66 861 1934 239 1045 Spaces Moved 2336 | 51 380 1246 135 524 Core 23 | 23 . . . . Treads 428 | 28 380 7 . 13 Legs . | . . . . . Wheels 1885 | . . 1239 135 511 Hover . | . . . . . Flight . | . . . . . Fastest Speed 50 | 50 160 80 140 116 Average Speed 137 | 110 160 128 144 144 Slowest Speed 320 | 160 160 320 145 240 Overloaded Moves . | . . . . . Propulsion Burnouts . | . . . . . Robots Hopped . | . . . . . Potential Cave-ins . | . . . . . Cave-ins Triggered . | . . . . . Exploration Rate (%) 45 | 4 46 88 45 42 Regions Visited 4 Branch Regions 1 Pre-discovered Areas . | . . . . . Known Exits Taken 1 | . . 1 . . Unknown Exits Taken 3 | 1 1 . 1 . Scrap Searched 1 | . . . 1 . Spaces Dug 1 | . . . . 1 Terrain Destroyed 16 | . . 15 . 1 Melee 1 | . . . . 1 Projectile . | . . . . . AOE 15 | . . 15 . . Terrain Rammed . | . . . . . Walls Destroyed . | . . . . . Machines Disabled . | . . . . . Actions | -11 -10 -9 -9 -8 --------- Run | Yrd Mat Mat Min Mat Total 2934 | 61 523 1482 158 710 Wait 222 | . 68 87 1 66 Move 2332 | 50 379 1245 134 524 Hop . | . . . . . Pick Up 72 | 6 11 36 4 15 Fast Attach 8 | . 1 3 . 4 Attach 44 | 5 3 12 3 21 Detach 1 | . . 1 . . Swap 16 | . 3 12 1 . Drop 23 | . 2 18 1 2 Fire 53 | . 51 2 . . Melee 161 | . 3 66 14 78 Ram . | . . . . . Kick . | . . . . . Crush 2 | . 2 . . . Escape Stasis . | . . . . . Rewire . | . . . . . Trap . | . . . . . Miscellaneous . | . . . . . Route ------- -11/Scrapyard -10/Materials (discovered 2 exits: *Mat / [*Sub]) -9/Materials (discovered 5 exits: *Mat x3 / *Min x2) -9/Mines -8/Materials (discovered 2 exits: [*Fac] / [*Sto]) History --------- Turn | Location | Event 12 | -11/Scrapyard | Discovered new exit (range 15) 67 | -11/Scrapyard | Entered Materials 303 | -10/Materials | Build established: Mutant 376 | -10/Materials | Discovered new exit (range 16) 546 | -10/Materials | Discovered new exit (range 12) 667 | -10/Materials | Derelicts attacked the area 775 | -10/Materials | Repaired Lgt. Treads 928 | -10/Materials | Entered another Materials area 928 | -9/Materials | Evolved 2 slots: Propulsion x2 1152 | -9/Materials | Discovered new exit (range 5) 1232 | -9/Materials | Build established: Scavenger-Mutant 1741 | -9/Materials | Lost 6 parts (1p4n1w) 1774 | -9/Materials | Discovered new exit (range 15) 1938 | -9/Materials | Central database locked down 1966 | -9/Materials | Build established: Mutant 1998 | -9/Materials | Discovered new exit (range 15) 2587 | -9/Materials | Discovered new exit (range 16) 2622 | -9/Materials | Build established: Gladiator 2632 | -9/Materials | Identified exit to Mines 2862 | -9/Materials | Entered Mines 2871 | -9/Mines | Received a Rocket Launcher from a helpful Derelict 3037 | -9/Mines | Discovered new exit (range 9) 3101 | -9/Mines | Entered Materials 3101 | -8/Materials | Evolved 2 slots: Utility x1, Weapon x1 3122 | -8/Materials | Build established: Scavenger-Gladiator 3413 | -8/Materials | Lost 5 parts (1p3n1w) 3422 | -8/Materials | Core integrity fell below 50% 3476 | -8/Materials | Discovered new exit (range 16) 3594 | -8/Materials | Build established: Mutant 3820 | -8/Materials | Discovered new exit (range 12) 3903 | -8/Materials | Build established: Scavenger-Gladiator 4134 | -8/Materials | Core integrity fell below 20% 4146 | -8/Materials | Destroyed by H-61 Shepherd with Heavy Assault Cannon Last Messages --------------- 04127_ S-10 Pest destroyed. 04133_ Penetrated by Slug. 04133_ Katana destroyed. 04133_ Critical hit (Blast). 04133_ Knocked back. 04135_ K-01 Serf collects debris. 04135_ Imp. Treads destroyed. 04135_ Wheel destroyed. 04136_ U-05 Engineer builds a Wall. 04138_ Knocked back. 04139_ Acquired 2 matter. 04140_ Penetrated by Slug. 04140_ U-05 Engineer builds a Wall. 04142_ Knocked back. 04144_ Lgt. Treads destroyed. 04144_ Wheel destroyed. 04144_ Scythe destroyed. 04144_ Knocked back. 04146_ Axe destroyed. 04146_ Critical hit (Blast). Map ----- +----------------------------------------------------+ | ?????????????????????????????????????????????????? | | ?????????????????????????????????????????????????? | | ?????????????????????????????????????????????????? | | ?????????????????????????????????????????????????? | | ?????????????????????????????????????????????????? | | ?????????????????????????????????????????????????? | | ?????????????????????????????????????????????????? | | ?????????????????????????????????????????????????? | | ?????????????????????????????????????????????????? | | ??????????????????????????+??????????????????????? | | ?????????????????????????? ??????????????????????? | | ??????????????????????#### ####??????????????????? | | ??????????????????????# #??????????????????? | | ?????????????????????## #??????????????????? | | ????????????????????? #??????????????????? | | ?????????????????????? +??????????????????? | | ?????????????????????? #??????????????????? | | ??????????????????????? #??????????????????? | | ??????????????????????? ???????????????????? | | ???????????????????????# #???????????????????? | | ???????????????????????# ###?????????????????? | | ???????????????????????# # ????????######????? | | ??????????????????###### +?????????# = #????? | | ??????????????????+ % H #?????????# = #????? | | ???????????????????????# #?????????# = #????? | | ???????????????????????#%@ % #?????????# #????? | | ??????????????????????##u #?????????# #????? | | ??????????????########## #?????????# #????? | | ??????????????# =#u%% #?????????# #????? | | ??????????????# """" *+% #?????????# ###### | | ??????????????# """" #= ########### ## | | ???????????????? """" # # ! ####+### | | ???????????????? # w # """ + % < | | ??????????????? """" # #=""" # ###%% | | ??????????????#] """" # #=""" # #?# | | ??????????????? """" # [#!%* # ### | | ????????????????? # *%/%""" # ## | | ??????????????????###### % [#=""" # ##!! ! | | ???????????????????????# #%""" # ##!! ! | | ?????????????########### #*= # ####### | | ?????????????# # ########## ##+#####?? | | ?????????????# [ # #????????# # =!=!#?? | | ?????????????# %#% #????????# # !*!""#?? | | ?????????????# +% #????????# #* !=Y"#?? | | ?????????????# #% ########## +%!%[""#?? | | ?????????????# # # #%# [!* #?? | | ?????????????# # # "" # #] ! #?? | | ?????????????# # # """ """#%#####+#### | | ?????????????########### # """ *R"# #?# | | ???????????????????????# # """ """# #?# """ "" | +----------------------------------------------------+ Best States ------------- Heat Dissipation 31 Energy Generation 18 Energy Capacity 265 Matter Stores 300 Matter Capacity 300 Sight Range 16 Terrain Scan Density 10 Melee Speed Boost 40 Evasion (%) 50 Melee Accuracy 5 Recoil Reduction 2 Offensive Hacking 10 Defensive Hacking 10 Item Schematics ----------------- None Robot Schematics ------------------ None Fabricated ------------ Nothing Repaired ---------- Lgt. Treads | 15% | -10/Materials Studied --------- None Alien Tech Used ----------------- None Achievements -------------- None Challenges ------------ None Game ------ Seed PoweredLaunchLattice Manual? 0 Play Time 00:30:55 Cumulative 314.2 hours Start 2026.09.21 @ 20:54:06 End 2026.09.21 @ 21:22:27 Sessions 1 Manual Loads 0 Difficulty Rogue Special Mode None Game No. 347 Rogue 347 Adventurer 0 Explorer 0 Win Type - Total 3 Types 3/0/0/0/0/0/0/0/0/0 Lore% 51 Gallery% 59 Achievement% 46 Wizard Run 0 Options --------- Layout 1 ASCII 0 Keyboard 0 Movement Numpad Keybinds 0 Fullscreen 2 Font 24/Smallcaps Map View 50x35 Zoom Use 0% Tactical HUD 1 Map Filters NONE Filters NONE Steam 1 RUN: c8e73feb-d01f-4378-93c0-5c27949e5870